 Dungeon Crawl Stone Soup version 0.27-a0-1200-g94dc6ad4cf (webtiles) character file.

Game seed: 17358349179714191670

232 siradein the Bolt Thrower (level 5, 0/42 HPs)
             Began as a Minotaur Hunter on June 2, 2021.
             Slain by a wight
             ... wielding a +2 dagger
              (7 damage)
             ... on level 3 of the Dungeon.
             The game lasted 00:05:40 (3445 turns).

siradein the Bolt Thrower (Minotaur Hunter)         Turns: 3445, Time: 00:05:40

Health: 0/42       AC:  5    Str: 17    XL:     5   Next: 73%
Magic:  4/4        EV: 11    Int:  8    God:
Gold:   154        SH:  0    Dex: 11    Spells: 4/4 levels left

rFire    . . .     SeeInvis .   b - +0 short sword
rCold    . . .     Faith    .   (no shield)
rNeg     . . .     Spirit   .   j - +0 ring mail
rPois    .         Reflect  .   (helmet restricted)
rElec    .         Harm     .   (no cloak)
rCorr    .         Rampage  .   (no gloves)
Will     .....                  (no boots)
Stlth    +.........             (no amulet)
HPRegen  0.14/turn              (no ring)
MPRegen  0.09/turn              (no ring)

@: no status effects
A: horns 2, retaliatory headbutt
a: no special abilities


You were on level 3 of the Dungeon.
You visited 1 branch of the dungeon, and saw 4 of its levels.

You collected 154 gold pieces.

Inventory:

Hand Weapons
 a - a +1 hand crossbow
 b - a +0 short sword (weapon)
Missiles
 d - 78 bolts
Armour
 j - a +0 ring mail (worn)
Scrolls
 g - a scroll of silence {unknown}
 h - a scroll of fog {unknown}
 i - a scroll of enchant armour {unknown}
 k - a scroll of noise {unknown}
 m - a scroll of immolation {unknown}
 o - a scroll of identify {unknown}
 p - a scroll of brand weapon {unknown}
Potions
 c - a potion of ambrosia {unknown}
 e - 3 potions of curing {unknown}
 f - 2 potions of invisibility {unknown}
 l - 2 potions of mutation {unknown}
 n - a potion of haste {unknown}


   Skills:
 - Level 2.4 Fighting
 + Level 4.2 Short Blades
 + Level 6.3 Crossbows
 - Level 2.1 Dodging
 - Level 0.7 Stealth


You had 4 spell levels left.
You didn't know any spells.
Your spell library was empty.

Dungeon Overview and Level Annotations

Branches:
Dungeon (4/15)
 Temple: D:4-7

Altars:
Qazlal
Yredelemnul

Shops:
D:1 ?


Innate Abilities, Weirdness & Mutations

You have a pair of horns on your head.
You reflexively headbutt those who attack you in melee.


Message History

HP restored.
You climb downwards.
The jackal bites you. The gnoll hits you with a +0 flail.
A wight comes into view. It is wielding a +3 hand axe.
The wight hits you with a +2 dagger.
The jackal bites you but does no damage.
There is a stone staircase leading up, spattered with blood here.
The gnoll completely misses you. You furiously retaliate!
You headbutt the gnoll. The orc wizard casts a spell at you.
The magic dart hits you. The wight hits you with a +2 dagger!
The jackal bites you but does no damage. x2
You climb upwards.
There is a stone staircase leading down, spattered with blood here.
The wight misses you. The jackal barely misses you. You furiously retaliate!
You headbutt the jackal, but do no damage.
Items here: )) †††.
The wight hits you with a +2 dagger.
You hit the gnoll.
The gnoll is moderately wounded.
The gnoll barely misses you. You furiously retaliate!
You headbutt the gnoll!
You kill the gnoll!
The wight hits you but does no damage. The jackal barely misses you.
You see here a +0 flail.
You barely miss the wight. Your headbutt misses the wight.
The wight hits you with a +2 dagger. The jackal barely misses you.
You furiously retaliate!
You headbutt the jackal. You hit the wight.
The wight is moderately damaged.
The wight hits you with a +2 dagger!
* * * LOW HITPOINT WARNING * * *
The jackal bites you.
* * * LOW HITPOINT WARNING * * *
You hit the wight but do no damage.
The wight is moderately damaged.
The jackal closely misses you. The wight hits you but does no damage.
You barely miss the wight.
The wight is moderately damaged.
The jackal bites you but does no damage.
The wight hits you with a +2 dagger!
You die...

..##....# #.###.##....##
........# #.###.##)...##
..#..##.############.#...........
..#...........##...............##
(.#####.####.###.....#........##
........####.###..............#
##.........#.#..h..).......####
.#<.####.##..#.#zh.........#
.#....)......hz#@###.......#
.#...###....†).#.###.......#
.#..>###[..†>.<#.....#######
.......)#..)[÷.#######
.#.....##......# .#....##########
.#.#.)# ......# ##.####


You could see a wight and 2 jackals.

Vanquished Creatures
  A necrophage (D:2)
  Terence (D:2)
  A gnoll (D:3)
  2 adders
  A dart slug (D:1)
  8 orcs (D:3)
  7 ball pythons
  3 endoplasms (D:2)
  A giant cockroach (D:2)
  9 goblins
  11 hobgoblins
  13 jackals
  3 kobolds
  2 quokkas
  5 bats
  5 frilled lizards
  5 rats
78 creatures vanquished.

Notes
Turn   | Place    | Note
-------+----------+-------------------------------------------
     0 | D:1      | siradein the Minotaur Hunter began the quest for the Orb.
     0 | D:1      | Reached XP level 1. HP: 18/18 MP: 0/0
   345 | D:1      | Reached skill level 1 in Short Blades
   371 | D:1      | Found Niushid's Magic Scroll Shop.
   391 | D:1      | Reached XP level 2. HP: 25/25 MP: 1/1
  1199 | D:2      | Reached skill level 5 in Crossbows
  1199 | D:2      | Reached XP level 3. HP: 30/30 MP: 2/2
  1314 | D:2      | Noticed a necrophage
  1332 | D:2      | Killed a necrophage
  1333 | D:2      | Reached XP level 4. HP: 5/37 MP: 3/3
  1738 | D:2      | Found a faded altar of an unknown god.
  1878 | D:2      | Reached XP level 5. HP: 42/42 MP: 4/4
  2090 | D:3      | Noticed Terence
  2140 | D:2      | HP: 1/42 [Terence/+0 hand axe (8)]
  2169 | D:2      | Killed Terence
  2170 | D:2      | Reached skill level 6 in Crossbows
  2625 | D:3      | Found a stormy altar of Qazlal.
  2806 | D:3      | Found a basalt altar of Yredelemnul.
  3445 | D:3      | Slain by a wight

Illustrated notes

Levels and vault maps discovered:
D:1:      grunt_arrival_crossed_arrows, layout_loops_corners, serial_shops,
          nicolae_shop_stone, glass_columns_c
D:2:      layout_rooms, chequers_ecumenical_altar_simple
D:3:      layout_basic, general_overflow_altar, yredelemnul_altar_generic,
          uniq_terence
D:4:      lemuel_castle_with_subvaults [lemuel_castle_interior_original],
          layout_rooms, kennysheep_nondescript, grunt_decor_fettered

Skill      XL: |  1  2  3  4  5 |
---------------+----------------+-----
Short Blades   | 1 2 3 4 |  4.2
Crossbows      | 5 6 |  6.3
Fighting       | |  2.4
Dodging        | |  2.1
Stealth        | |  0.7

Action                   |  1- 3 |  4- 6 || total
-------------------------+-------+-------++-------
Melee: Short sword       |   103 |   117 ||   220
       Headbutt          |    15 |    12 ||    27
Armor: Leather armour    |    19 |       ||    19
       Ring mail         |    10 |    54 ||    64
Dodge: Dodged            |    61 |    88 ||   149

Table legend: (Time is in decaauts)
 A = Elapsed time spent in this place.
 B = Non-inter-level travel time spent in this place.
 C = Inter-level travel time spent in this place.
 D = Time resting spent in this place.
 E = Time spent auto-exploring this place.
 F = Levels seen in this place.
 G = Mean time per level.
                   A        B        C        D        E       F      G
               +--------+--------+--------+--------+--------+-----+--------+
         Total |   3443 |   3320 |    123 |    716 |   2111 |   4 |  860.8 |
       Dungeon |   3443 |   3320 |    123 |    716 |   2111 |   4 |  860.8 |
               +--------+--------+--------+--------+--------+-----+--------+

Top non-repeatable levels by time:
     D:1: 1386 daAuts
     D:3: 1060 daAuts
     D:2: 985 daAuts
     D:4: 11 daAuts
